 Dungeon Crawl Stone Soup version 0.27.1-33-g824d729ab1 (webtiles) character file.

Game seed: 2793928756778172098

1 H0rd4k the Charlatan (level 1, -3/15 HPs)
             Began as a Human Artificer on Dec 20, 2021.
             Frozen to death by an endoplasm (5 damage)
             ... on level 1 of the Dungeon.
             The game lasted 00:00:08 (55 turns).

H0rd4k the Charlatan (Human Artificer)                Turns: 55, Time: 00:00:09

Health: -3/15      AC:  3    Str: 12    XL:     1   Next: 22%
Magic:  1/1        EV: 11    Int: 11    God:
Gold:   0          SH:  0    Dex: 13    Spells: 0/0 levels left

rFire    . . .     SeeInvis .   a - +0 club
rCold    . . .     Faith    .   (no shield)
rNeg     . . .     Spirit   .   b - +0 leather armour
rPois    .         Reflect  .   (no helmet)
rElec    .         Harm     .   (no cloak)
rCorr    .         Rampage  .   (no gloves)
Will     .....                  (no boots)
Stlth    +.........             (no amulet)
HPRegen  0.05/turn              (no ring)
MPRegen  0.07/turn              (no ring)

@: no status effects
A: no striking features
a: no special abilities


You were on level 1 of the Dungeon.
You visited 1 branch of the dungeon, and saw 1 of its levels.

Inventory:

Hand Weapons
 a - a +0 club (weapon)
Armour
 b - a +0 leather armour (worn)
Wands
 c - a wand of flame (15) (quivered)
 d - a wand of charming (15)
Miscellaneous
 e - a piece from Xom's chessboard (15/15)


   Skills:
 + Level 1.2 Fighting
 - Level 2.0 Armour
 + Level 1.0 Dodging
 - Level 1.0 Stealth
 + Level 3.0 Evocations


You couldn't memorise any spells.
You didn't know any spells.
Your spell library was empty.

Dungeon Overview and Level Annotations

Branches:
Dungeon (1/15)

Altars:


Message History

You hit the quokka but do no damage. The quokka barely misses you.
The endoplasm closely misses you. The quokka misses you.
You hit the quokka.
The quokka is heavily wounded.
The endoplasm freezes you.
You are frozen.
The quokka bites you.
The endoplasm jiggles.
The endoplasm hits you but does no damage.
The quokka barely misses you.
Found a spear.
Found a hand axe.
The endoplasm misses you. The quokka closely misses you.
You barely miss the quokka.
The quokka is heavily wounded.
The quokka bites you. The quokka misses you.
You closely miss the quokka.
The quokka is heavily wounded.
The quokka closely misses you.
You barely miss the quokka.
The quokka is heavily wounded.
The quokka closely misses you. The quokka bites you.
You barely miss the quokka.
The quokka is heavily wounded.
The quokka misses you.
You hit the quokka.
You kill the quokka!
You hit the endoplasm but do no damage. The endoplasm closely misses you. x2
Your leather armour prevents you from hitting the endoplasm.
The endoplasm freezes you.
You are frozen.
* * * LOW HITPOINT WARNING * * *
You hit the endoplasm.
The endoplasm is severely wounded.
The endoplasm completely misses you.
You hit the endoplasm but do no damage.
The endoplasm is severely wounded.
The endoplasm hits you but does no damage.
The endoplasm freezes you.
You are frozen.
You die...

###...#########^#i############ .
#^#.>.....#R#e#####..........#
..###...###.#####..............<
....##'##o#.......#######......#
#..#.############^#V#^########
#....# #x#H#Q#Q#######R#F#^#
..#####.########### #######
.........##############
..............J@...)...
..............###.###.#
....##......#.# # ....
#.......?## ... #............
..................
.##.##........... ...
.......#..). .#. .......##....


You could see an endoplasm.

Vanquished Creatures
  A quokka (D:1)
1 creature vanquished.

Notes
Turn   | Place    | Note
-------+----------+-------------------------------------------
     0 | D:1      | H0rd4k the Human Artificer began the quest for the Orb.
     0 | D:1      | Reached XP level 1. HP: 15/15 MP: 1/1
     0 | D:1      | Noticed a gargoyle
     1 | D:1      | Noticed a merfolk
     2 | D:1      | Noticed a barachi
     4 | D:1      | Noticed a vine stalker
     4 | D:1      | Noticed a djinni
     6 | D:1      | Noticed a formicid
     9 | D:1      | Noticed a vampire
    11 | D:1      | Noticed a spriggan
    13 | D:1      | Noticed a tengu
    15 | D:1      | Noticed an elf
    15 | D:1      | Noticed a tengu
    17 | D:1      | Noticed a demigod
    17 | D:1      | Noticed a djinni
    17 | D:1      | Noticed a minotaur
    19 | D:1      | Noticed a gargoyle
    19 | D:1      | Noticed an octopode
    55 | D:1      | Frozen to death by an endoplasm

Illustrated notes

Levels and vault maps discovered:
D:1:      shiori_arrival_whats_in_store_for_you, layout_basic,
          chequers_ecumenical_altar_simple_redux

Action                   || total
-------------------------++-------
Melee: Club              ||    12
Armor: Leather armour    ||     2
Dodge: Dodged            ||    14
